Map: Berlingrad LE

Players

Zealot

  • Race: Protoss Protoss
  • League: Diamond
  • Spawn Location: 5:00

Pumba - Winner!

  • Race: Protoss Protoss
  • League: Diamond
  • Spawn Location: 11:00

VOD

Have the link to the VOD?

Description

Time

  • Played on: March 15, 2022, 9 p.m.
  • Length: 6:49
Show
View Real Time Build Order
Export as new Build Order

Zealot Protoss 

Build Orders:  

Get SALT Encoding   

  12  0:00  Probe  
  13  0:16  Pylon  
  13  0:19  Probe  
  14  0:31  Probe (Chrono Boost)  
  15  0:42  Gateway  
  16  0:43  Probe (Chrono Boost)  
  16  0:50  Probe (Chrono Boost)  
  17  0:57  Gateway, Probe  
  18  1:08  Assimilator  
  18  1:10  Probe (Chrono Boost)  
  19  1:23  Probe (Chrono Boost)  
  20  1:30  Zealot, Probe (Chrono Boost)  
  23  1:32  Pylon  
  23  1:40  Cybernetics Core  
  23  1:45  Assimilator  
  23  1:50  Probe  
  24  2:08  Pylon  
  24  2:11  Probe  
  25  2:28  Probe (Chrono Boost)  
  25  2:29  Nexus  
  26  2:40  Probe (Chrono Boost)  
  27  2:52  Adept (Chrono Boost), Warp Gate  
  27  2:54  Adept (Chrono Boost)  
  27  2:56  Shield Battery  
  29  3:05  Pylon  
  29  3:08  Probe  
  29  3:20  Probe  
  30  3:27  Stalker (Chrono Boost)  
  30  3:30  Stalker (Chrono Boost)  
  34  3:47  Probe  
  35  3:50  Nexus  
  35  3:53  Probe  
  36  3:57  Sentry  
  39  4:02  Probe  
  39  4:08  Twilight Council  
  39  4:11  Probe  
  38  4:17  Probe  
  38  4:21  Gateway  
  38  4:23  Probe  
  40  4:30  Probe  
  41  4:35  Probe  
  41  4:37  Oracle  
  41  4:38  Gateway  
  42  4:41  Stalker  
  42  4:42  Sentry  
  42  4:44  Charge (Chrono Boost)  
  46  4:46  Probe  
  47  4:53  Probe  
  48  5:07  Probe x3  
  47  5:13  Zealot x2  
  53  5:19  Zealot  
  53  5:20  Probe (Chrono Boost)  
  57  5:22  Probe x2 (Chrono Boost)  
  57  5:25  Pylon  
  57  5:27  Pylon  
  58  5:31  Probe (Chrono Boost)  
  58  5:33  Probe (Chrono Boost)  
  58  5:35  Phoenix, Probe (Chrono Boost)  
  61  5:37  Probe (Chrono Boost), Stalker x3  
  61  5:38  Probe (Chrono Boost)  
  69  5:46  Probe  
  69  5:49  Forge  
  70  5:58  Shield Battery, Zealot  
  72  6:05  Zealot x3  
  72  6:11  Gateway  
  78  6:12  Gateway  
  71  6:20  Zealot  
  62  6:26  Zealot  
  62  6:27  Zealot x2  
Show
View Real Time Build Order
Export as new Build Order

Pumba Protoss - Winner!

Build Orders: Blink Stalkers 

Get SALT Encoding   

  12  0:01  Probe  
  13  0:13  Probe  
  14  0:17  Pylon  
  14  0:25  Probe (Chrono Boost)  
  15  0:37  Probe (Chrono Boost)  
  15  0:39  Gateway  
  16  0:45  Probe (Chrono Boost)  
  16  0:47  Assimilator  
  17  0:51  Probe  
  18  0:58  Assimilator  
  18  1:03  Probe (Chrono Boost)  
  19  1:13  Gateway  
  19  1:15  Probe (Chrono Boost)  
  20  1:20  Probe (Chrono Boost)  
  21  1:32  Probe  
  22  1:34  Cybernetics Core  
  22  1:46  Probe  
  23  1:49  Pylon  
  23  2:07  Probe  
  24  2:11  Sentry, Stalker  
  24  2:14  Warp Gate (Chrono Boost)  
  28  2:17  Pylon  
  28  2:19  Probe  
  29  2:34  Nexus  
  29  2:51  Stalker  
  29  2:52  Stalker  
  33  3:02  Probe  
  33  3:04  Shield Battery  
  34  3:14  Probe  
  34  3:17  Twilight Council  
  35  3:26  Probe  
  36  3:39  Probe (Chrono Boost)  
  37  3:46  Probe (Chrono Boost)  
  38  3:49  Blink (Chrono Boost)  
  40  3:55  Probe (Chrono Boost)  
  40  3:56  Probe (Chrono Boost)  
  40  3:57  Stalker x2  
  44  4:06  Shield Battery  
  44  4:12  Probe x2  
  45  4:21  Stalker  
  45  4:22  Stalker  
  49  4:24  Probe x2  
  51  4:36  Probe  
  51  4:37  Pylon  
  52  4:42  Gateway  
  52  4:43  Gateway  
  52  4:47  Pylon  
  52  4:48  Gateway  
  52  4:52  Gateway  
  52  4:53  Pylon  
  51  5:11  Gateway  
  51  5:12  Probe  
  51  5:13  Probe  
  53  5:21  Stalker x2  
  57  5:25  Probe  
  57  5:27  Assimilator  
  58  5:38  Stalker x2  
  62  5:48  Stalker x2  
  62  5:49  Stalker x2  
  70  6:00  Pylon  
  70  6:02  Pylon  
  70  6:05  Pylon  
  70  6:11  Stalker  
  70  6:12  Stalker x3  
  76  6:29  Stalker x3  
  74  6:47  Stalker x3  
Tags
 
Add a new tag
Caveats
  • Supply blocks, unpowered buildings, or Contaminate may cause inaccurate times.
  • Supply counts are checked every 10 seconds.